 Dungeon Crawl Stone Soup version 0.23.2-1-ga50397a6bc (webtiles) character file.

Game seed: 18310590470280938627

153 Ethylacetat the Firebug (level 5, 0/31 HPs)
             Began as an Octopode Fire Elementalist on May 9, 2019.
             Slain by Grinder (8 damage)
             ... while paralysed by Grinder
             ... on level 3 of the Dungeon.
             The game lasted 00:05:39 (2054 turns).

Ethylacetat the Firebug (OpFE)                      Turns: 2054, Time: 00:05:39

Health: 0/31       AC:  1    Str:  8    XL:     5   Next: 35%
Magic:  9/9        EV:  2    Int: 18    God:
Gold:   136        SH:  0    Dex: 12    Spells: 8/9 levels left

rFire    + . .     SeeInvis .   e - +1 dagger (venom)
rCold    . . .     Gourm    .   (no shield)
rNeg     . . .     Faith    .   (helmet restricted)
rPois    .         Spirit   .   (no amulet)
rElec    .         Reflect  .   k - ring of protection from fire
rCorr    .         Harm     .   (no ring)
MR       .....                  (no ring)
Stlth    +++.......             (no ring)
HPRegen  0.10/turn              (no ring)
MPRegen  0.11/turn              (no ring)
                                (no ring)
                                (no ring)

@: paralysed
A: almost no armour, stealthy swim, amphibious, 8 rings, constrict 8, camouflage
1, gelatinous body 1
a: no special abilities


You were on level 3 of the Dungeon.
You were not hungry.

You visited 1 branch of the dungeon, and saw 3 of its levels.

You collected 136 gold pieces.

Inventory:

Hand Weapons
 e - a +1 dagger of venom (weapon)
Jewellery
 k - a ring of protection from fire (left tentacle)
Scrolls
 c - 2 scrolls of enchant weapon {unknown}
 d - 2 scrolls of enchant armour {unknown}
 f - 3 scrolls of identify {unknown}
 h - a scroll of random uselessness {unknown}
 i - a scroll of teleportation {unknown}
Potions
 g - a potion of curing {unknown}
 j - a potion of heal wounds {unknown}
 l - 2 potions of brilliance {unknown}
 m - a potion of might {unknown}
 n - a potion of berserk rage {unknown}
Comestibles
 a - 4 chunks of flesh
 b - 10 rations


   Skills:
 - Level 2.0 Dodging
 - Level 2.6 Stealth
 + Level 2.9 Spellcasting
 + Level 2.5 Conjurations
 * Level 4.6 Fire Magic


You had 8 spell levels left.
You knew the following spells:

 Your Spells              Type           Power        Failure   Level  Hunger
a - Flame Tongue          Conj/Fire      ###..        3%          1    None

Your spell library contained the following spells:

 Spells                   Type           Power        Failure   Level  Hunger
 Throw Flame              Conj/Fire      ###...       5%          2    ##.....
 Conjure Flame            Conj/Fire      ###.....     11%         3    ###....
 Inner Flame              Hex/Fire       ##......     19%         3    ###....
 Sticky Flame             Conj/Fire      ###.....     36%         4    ####...
 Fireball                 Conj/Fire      ###.......   71%         5    ######.


Dungeon Overview and Level Annotations

Branches:
Dungeon (3/15)

Altars:

Annotations:
D:3 Grinder


Innate Abilities, Weirdness & Mutations

You cannot wear most types of armour.
You are very stealthy in the water. (Stealth+)
You are amphibious.
You can wear up to eight rings at the same time.
You can use your tentacles to constrict eight enemies at once.
Your skin changes colour to match your surroundings (Stealth+).
Your rubbery body absorbs attacks. (AC +1, EV +1)


Message History

Confirm with . or Enter, or press ? or * to list all spells.
You can't see any susceptible monsters within range! (Use Z to cast anyway.) Unknown command.
Grinder gestures at you.
You suddenly lose the ability to move!
Grinder gestures at you. Pain shoots through your body!
You can move again.
You start resting.
Grinder is too close now for your liking.
You closely miss Grinder. You grab Grinder. Your squeeze misses Grinder.
You constrict Grinder, but do no damage.
Grinder hits you.
You writhe in agony.
You hit Grinder but do no damage. You constrict Grinder.
Grinder gestures at you.
You suddenly lose the ability to move!
You lose your grip on Grinder.
Grinder hits you!
You writhe in agony.
* * * LOW HITPOINT WARNING * * *
Grinder hits you!
You die...

...... ##..
#.....$...... ..
.... #.##......#.#
..# .#..# #.
#.#.#.##.##..#......
. .. ............
.... #.##...
.####.##
####.##.##.......#
#..........# #.#
#.@5....########.#
##.##.............#
+......#######....#
##.....# # ####.##
####?.# ....##.##
..... ..........
.#..#.#####+#.###
......... ... # ##
#............ ..


You could see Grinder.

Vanquished Creatures
  A jelly (D:2)
  A howler monkey (D:2)
  3 adders
  A worm (D:2)
  A dart slug (D:2)
  A leopard gecko (D:2)
  An orc (D:3)
  5 goblins
  7 hobgoblins
  2 quokkas
  6 bats
  3 frilled lizards
  5 kobolds
  4 rats
41 creatures vanquished.

Notes
Turn   | Place    | Note
-------+----------+-------------------------------------------
     0 | D:1      | Ethylacetat the Octopode Fire Elementalist began the quest
                  | for the Orb.
     0 | D:1      | Reached XP level 1. HP: 11/11 MP: 3/3
   293 | D:1      | Reached XP level 2. HP: 17/17 MP: 5/5
   691 | D:2      | Reached XP level 3. HP: 12/21 MP: 6/6
  1237 | D:2      | Reached skill level 4 in Fire Magic
  1237 | D:2      | Reached XP level 4. HP: 20/27 MP: 1/7
  1489 | D:2      | Reached XP level 5. HP: 21/31 MP: 9/9
  1785 | D:3      | Noticed Grinder
  2042 | D:3      | Paralysed by Grinder for 2 turns
  2052 | D:3      | Paralysed by Grinder for 3 turns
  2054 | D:3      | Slain by Grinder

Skill      XL: |  1  2  3 |
---------------+----------+-----
Conjurations   | 2 |  2.5
Fire Magic     | 4 |  4.6
Dodging        | |  2.0
Stealth        | |  2.6
Spellcasting   | |  2.9

Action                   |  1- 3 |  4- 6 || total
-------------------------+-------+-------++-------
Melee: Unarmed           |    23 |       ||    23
       Constrict         |    22 |    12 ||    34
       Tentacles         |     8 |     6 ||    14
       Dagger            |    35 |    32 ||    67
 Cast: Flame Tongue      |    15 |     1 ||    16
 Stab: Sleeping          |     7 |     6 ||    13
  Eat: Chunk             |     1 |     3 ||     4
Armor: Skin              |    11 |       ||    11
Dodge: Dodged            |    61 |    14 ||    75
